 Dungeon Crawl Stone Soup version 0.29.1-12-g30fa7ad0bf (webtiles) character file.

Game seed: 13832684546187143749

3252 croobank the Blocker (level 9, 0/52 HPs)
             Began as a Gargoyle Earth Elementalist on Dec 26, 2022.
             Was an Initiate of Gozag.
             Slain by an orc warrior
             ... wielding a +0 halberd
              (6 damage)
             ... on level 8 of the Dungeon.
             The game lasted 00:28:42 (11994 turns).

croobank the Blocker (Gargoyle Earth Elementalist) Turns: 11994, Time: 00:28:42

Health: 0/52       AC: 17    Str: 12    XL:     9   Next: 99%
Magic:  21/23      EV: 11    Int: 27    God:    Gozag
Gold:   869        SH:  7    Dex: 10    Spells: 7/15 levels left

rFire   . . .      SeeInvis +   L - +6 trident of Qydumegu {drain, rN+ Will- Int+7}
rCold   . . .      Faith    .   D - +1 buckler
rNeg    + + .      Spirit   .   I - +0 leather armour
rPois   ∞          Reflect  .   (no helmet)
rElec   +          Harm     .   y - +2 cloak
rCorr   .          Rampage  .   G - +1 pair of gloves
Will    .....                   l - +2 pair of boots of the Chupacabra {SInv}
Stlth   ++........              (no amulet)
HPRegen 0.17/turn               w - ring of magical power
MPRegen 0.18/turn               (no ring)

@: on blink cooldown
A: sickness immunity, AC +6, negative energy resistance 1, electricity
resistance, torment resistance 1, petrification resistance
a: Renounce Religion, Potion Petition, Call Merchant, Bribe Branch


You were on level 8 of the Dungeon.
You worshipped Gozag.
Gozag was pleased with you.
You visited 1 branch of the dungeon, and saw 8 of its levels.

You collected 1144 gold pieces.
You paid 275 gold pieces to Gozag.

Inventory:

Hand Weapons
 c - a +7 spear of venom
 d - a +0 dagger of speed
 m - a +1 shortbow of flaming
 q - a +0 hand axe
 s - a +0 dagger of pain
 t - a +4 falchion
 A - a +1 mace of protection
 C - a +2 dire flail
 E - a +5 halberd
 L - the +6 trident of Qydumegu (weapon) {drain, rN+ Will- Int+7}
   (You took it off a gnoll on level 6 of the Dungeon)

   A truly terrible weapon, it drains the life of any living foe it strikes.
   Int:       It affects your intelligence (+7).
   rN:        It protects you from negative energy.
   Will:      It decreases your willpower.
Missiles
 i - 6 atropa-tipped darts
 r - 5 throwing nets (quivered)
Armour
 a - a +0 robe
 l - the +2 pair of boots of the Chupacabra (worn) {SInv}
   (You found it on level 7 of the Dungeon)

   SInv:      It lets you see invisible.
 x - a +0 kite shield
 y - a +2 cloak (worn)
 D - a +1 buckler (worn)
 G - a +1 pair of gloves (worn)
 I - a +0 leather armour (worn)
Jewellery
 o - a ring of fire
 w - a ring of magical power (left hand)
Wands
 p - a wand of iceblast (6)
 B - a wand of flame (9)
 F - a wand of polymorph (8)
 H - a wand of mindburst (12)
Scrolls
 g - a scroll of immolation
 h - a scroll of brand weapon
 n - a scroll of poison
 z - a scroll of identify
Potions
 b - 7 potions of curing
 e - 3 potions of mutation
 f - 2 potions of ambrosia
 j - a potion of haste
 k - a potion of invisibility
 u - 2 potions of heal wounds {unknown}
 v - 2 potions of lignification {unknown}
 J - a potion of degeneration {unknown}
 K - a potion of cancellation {unknown}


   Skills:
 + Level 4.0 Fighting
 + Level 3.3 Dodging
 + Level 4.6 Stealth
 - Level 10.7 Shields
 + Level 3.6 Spellcasting
 + Level 3.3 Conjurations
 + Level 1.9 Translocations
 + Level 2.9 Transmutations
 - Level 5.0 Earth Magic


You had 7 spell levels left.
You knew the following spells:

 Your Spells              Type           Power      Damage    Failure   Level
a - Sandblast             Erth           62%        2d14      1%          1
b - Passwall              Tmut/Erth      21%        N/A       3%          2
c - Stone Arrow           Conj/Erth      54%        3d10      7%          3
d - Blink                 Tloc           30%        N/A       9%          2

Your spell library contained the following spells:

 Spells                   Type           Power      Damage    Failure   Level
 Magic Dart               Conj           88%        1d7       3%          1
 Searing Ray              Conj           44%        2d6       4%          2
 Freeze                   Ice            16%        1d4       13%         1
 Summon Small Mammal      Summ           16%        N/A       13%         1
 Lesser Beckoning         Tloc           15%        N/A       19%         3
 Conjure Flame            Conj/Fire      13%        6-21      21%         3
 Ignite Poison            Fire/Tmut/Pois 10%        N/A       26%         3
 Petrify                  Tmut/Erth      26%        N/A       26%         4
 Call Canine Familiar     Summ           4%         N/A       36%         3
 Frozen Ramparts          Ice            8%         1d2       36%         3
 Summon Guardian Golem    Hex/Summ       4%         N/A       36%         3
 Fulminant Prism          Conj/Hex       6%         3d7       54%         4
 Hailstorm                Conj/Ice       13%        3d5       54%         4
 Sticky Flame             Conj/Fire      13%        2d4       54%         4
 Iskenderun's Battlesphe  Conj           22%        2d8       65%         5
 Borgnjor's Vile Clutch   Necr/Erth      9%         N/A       78%         5
 Manifold Assault         Tloc           15%        N/A       86%         5
 Alistair's Intoxication  Tmut/Pois      8%         N/A       89%         5
 Iron Shot                Conj/Erth      13%        9d3       98%         6
 Eringya's Noxious Bog    Tmut/Pois      6%         N/A       100%        6
 Spellforged Servitor     Conj/Summ      6%         N/A       100%        7


Dungeon Overview and Level Annotations

Branches:
Dungeon (8/15)             Temple (0/1) D:4            Lair (0/5) D:8

Altars:
Cheibriados
Fedhas
Gozag

Annotations:
D:4 2 transporters, cowcol's ghost, amateur MiHu


Innate Abilities, Weirdness & Mutations

You are immune to sickness and miasma.
Your stone body is resilient. (AC +6)
You are immune to poison.
You resist negative energy. (rN+)
You are resistant to electric shocks. (rElec)
You are resistant to unholy torment.
You are immune to petrification.


Message History

Reach: L) +6 trident of Qydumegu {drain, rN+ Will- Int+7}
Press: ? - help, Dir - move target, f/p - warg
Aim: a warg (lightly wounded, about 42% to evade the +6 trident of Qydumegu)
You closely miss the warg.
The warg is lightly wounded.
You block the warg's attack.
The sky beast flickers out of sight for a moment.
The warg bites you.
Reach: L) +6 trident of Qydumegu {drain, rN+ Will- Int+7}
Press: ? - help, Dir - move target, f/p - warg
Aim: a warg (lightly wounded, about 42% to evade the +6 trident of Qydumegu)
The orc wizard shouts!
You puncture the warg! You drain the warg.
The warg is heavily wounded.
The orc is no longer distracted by gold.
The warg barely misses you.
The orc priest mumbles some strange prayers to Beogh against you.
Beogh smites you!
* * * LOW HITPOINT WARNING * * *
The orc warrior hits you from afar with a +0 halberd.
* * * LOW HITPOINT WARNING * * *
The warg bites you but does no damage.
An orc priest comes into view. It is wielding a +0 whip.
The orc warrior closely misses you.
Reach: L) +6 trident of Qydumegu {drain, rN+ Will- Int+7}
Press: ? - help, Dir - move target, f/p - warg
Aim: a warg (heavily wounded, lightly drained, about 42% to evade the +6 trident of Qydumegu)
Okay, then.
Okay, then.
Okay, then.
Okay, then.
Casting: Stone Arrow (dangerous; 7% risk of failure)
Confirm with . or Enter, or press ? or * to list all spells.
Okay, then.
Casting: Stone Arrow (dangerous; 7% risk of failure)
Confirm with . or Enter, or press ? or * to list all spells.
You blink.
The orc warrior hits you with a +0 halberd.
You die...
Your body crumbles into a pile of gold.

###.........#[....
#.............###. #
#.#...........##.. #.#
#.#.........<....#
....##
#.#......##.#..###
......##§#......##.#.>#
.......#h#####.###.#..#
o.....ooo# #.# #.#..#
/>....o.@# #.# #.#..#
.o..Y.o..# #.# #.#z.#
....P..#.# #.# #.#..#
......##.# #.# #.#..#
....## #.# #.# #.#..#
#.## #.# #.###.#..# #.
#.# #......# #.# $
#.#....# #<.....#


You could see a warg (drained), an orc warrior, a sky beast (invisible), 2 orc
priests, an orc wizard (invisible) and 2 orcs.

Vanquished Creatures
  A wraith (D:5)
  A wyvern (D:7)
  Eustachio (D:5)
  A steam dragon (D:7)
  A warg (D:8)
  2 water moccasins (D:6)
  3 ice beasts
  An orc warrior (D:6)
  2 sky beasts
  An ogre (D:6)
  3 centaurs
  2 necrophages (D:6)
  2 gnoll sergeants
  3 scorpions
  6 wights
  2 howler monkeys (D:7)
  3 gnoll boudas
  3 hounds
  An orc priest (D:6)
  Ijyb (D:5)
  An orc wizard (D:8)
  An iguana (D:7)
  24 gnolls
  5 adders
  2 white imps
  7 worms
  A dart slug (D:3)
  13 orcs
  6 ball pythons
  8 endoplasms
  A giant cockroach (D:1)
  3 goblins
  8 hobgoblins
  2 jackals (D:2)
  4 quokkas
  7 bats
  4 frilled lizards
  11 kobolds
  5 rats
153 creatures vanquished.

Notes
Turn   | Place    | Note
-------+----------+-------------------------------------------
     0 | D:1      | croobank the Gargoyle Earth Elementalist began the quest
                  | for the Orb.
     0 | D:1      | Reached XP level 1. HP: 10/10 MP: 3/3
   326 | D:1      | Reached skill level 1 in Transmutations
   326 | D:1      | Reached XP level 2. HP: 15/15 MP: 3/5
   329 | D:1      | Learned a level 2 spell: Passwall
   654 | D:2      | Found an opulent altar of Gozag.
   670 | D:2      | Became a worshipper of Gozag Ym Sagoz the Greedy
   857 | D:2      | Reached XP level 3. HP: 19/20 MP: 2/6
   874 | D:2      | Reached skill level 1 in Fighting
  1125 | D:2      | Learned a level 3 spell: Stone Arrow
  1149 | D:2      | Found a faded altar of an unknown god.
  1821 | D:2      | Reached XP level 4. HP: 25/25 MP: 5/7
  2711 | D:3      | Reached skill level 1 in Conjurations
  2711 | D:3      | Reached XP level 5. HP: 12/30 MP: 1/8
  3732 | D:4      | Found a staircase to the Ecumenical Temple.
  3764 | D:4      | Noticed an ogre
  3766 | D:4      | Found a transporter.
  3767 | D:4      | Noticed an ogre
  3770 | D:4      | Found a transporter.
  3770 | D:4      | Noticed cowcol's ghost (amateur MiHu)
  3918 | D:5      | Entered Level 5 of the Dungeon
  3937 | D:5      | Noticed a centaur
  3944 | D:5      | Killed a centaur
  3945 | D:5      | Reached skill level 2 in Shields
  3945 | D:5      | Reached XP level 6. HP: 35/36 MP: 5/9
  4050 | D:5      | Reached skill level 3 in Shields
  4149 | D:5      | Noticed Ijyb
  4151 | D:5      | Killed Ijyb
  4271 | D:5      | Noticed an ice beast
  4276 | D:5      | Killed an ice beast
  4277 | D:5      | Reached skill level 4 in Shields
  4287 | D:5      | Reached skill level 5 in Shields
  4457 | D:5      | Reached XP level 7. HP: 40/40 MP: 10/10
  4973 | D:5      | Reached skill level 6 in Shields
  5349 | D:5      | Noticed Eustachio
  5389 | D:5      | Killed Eustachio
  5390 | D:5      | Reached skill level 7 in Shields
  6579 | D:6      | Reached XP level 8. HP: 45/45 MP: 4/11
  6694 | D:6      | Reached skill level 8 in Shields
  6701 | D:6      | Identified the +6 trident of Qydumegu {drain, rN+ Will-
                  | Int+7}
  6904 | D:6      | Reached skill level 9 in Shields
  7091 | D:6      | Noticed a wraith
  7624 | D:5      | Killed a wraith
  7788 | D:5      | Reached skill level 10 in Shields
  8634 | D:5      | Reached XP level 9. HP: 39/49 MP: 12/12
  9529 | D:6      | Learned a level 2 spell: Blink
 10094 | D:7      | Reached skill level 5 in Earth Magic
 10280 | D:7      | Identified the +2 pair of boots of the Chupacabra {SInv}
 10396 | D:7      | Found a blossoming altar of Fedhas.
 10396 | D:7      | Found a snail-covered altar of Cheibriados.
 10701 | D:7      | Reached skill level 1 in Translocations
 11979 | D:8      | Found a staircase to the Lair.
 11994 | D:8      | Slain by an orc warrior

Illustrated notes

Levels and vault maps discovered:
D:1:      dpeg_arrival_simpleton_b, layout_basic
D:2:      layout_loops_ring, shapermc_ecumenical_altar_flowoftime, basic_altar
D:3:      layout_rooms
D:4:      layout_gridville, temple_statues, gammafunk_ghost_smash
D:5:      layout_basic, minmay_tree_intersection, uniq_eustachio, uniq_ijyb
D:6:      layout_gridville
D:7:      layout_layer_cave, amethyst_overflow_temple_binary
D:8:      layout_basic, erik_lair_orcish_takeover

Skill      XL: |  1  2  3  4  5  6  7  8  9 |
---------------+----------------------------+-----
Transmutations | 1 2 |  2.9
Fighting       | 1 2 4 |  4.0
Earth Magic    | 4 5 |  5.0
Dodging        | 2 3 |  3.3
Conjurations   | 1 3 |  3.3
Shields        | 2 5 7 10 | 10.7
Stealth        | 4 |  4.6
Spellcasting   | 3 |  3.6
Translocations | 1 |  1.9

Action                   |  1- 3 |  4- 6 |  7- 9 || total
-------------------------+-------+-------+-------++-------
Melee: Unarmed           |     2 |       |       ||     2
       Dagger            |    62 |    71 |    57 ||   190
       Trident           |       |       |   183 ||   183
Throw: Throwing net      |       |       |     1 ||     1
 Cast: Sandblast         |    37 |    32 |    11 ||    80
       Stone Arrow       |     2 |    25 |    59 ||    86
       Blink             |       |       |     1 ||     1
Invok: Potion Petition   |       |       |     1 ||     1
  Use: Potion            |     1 |     1 |       ||     2
       Scroll            |       |       |    21 ||    21
 Stab: Sleeping          |     5 |     2 |     3 ||    10
Armor: Robe              |    21 |    26 |    18 ||    65
       Leather armour    |       |       |   113 ||   113
Dodge: Dodged            |    37 |    45 |   138 ||   220
Block: Buckler           |       |     5 |    89 ||    94
